[Event "December 12 Late 2023"]
[Site "https://www.chess.com"]
[Date "2023.12.12"]
[Round "10"]
[White "Marcziter, Dmitrii"]
[Black "Garcia Almaguer, Juan Manuel"]
[Result "0-1"]
[Board "58"]
[TimeControl "180+1"]
[WhiteFideId "13900765"]
[BlackFideId "5110491"]
[WhiteElo "2346"]
[BlackElo "2490"]
[WhiteTeam "GER"]
[BlackTeam "MEX"]
[WhiteClock "0:00:00"]
[BlackClock "0:00:06"]

1. d4 Nf6 2. Nf3 e6 3. c4 d5 4. Bg5 c6 5. e3 Nbd7 6. cxd5 exd5 7. Nc3 Bb4 8. Nd2 h6 9. Bh4 O-O 10. Bd3 Re8 11. O-O Bd6 12. Nf3 Nf8 13. Qc2 Bg4 14. Nd2 Bh5 15. Rae1 Bg6 16. f3 Bxd3 17. Qxd3 Ng6 18. Bf2 Qc7 19. g3 Rad8 20. e4 dxe4 21. fxe4 Ng4 22. Qf3 Nxf2 23. Qxf2 Bb4 24. Nf3 Ba5 25. Kg2 b5 26. a3 Bb6 27. Rd1 a5 28. Rfe1 Re7 29. Qc2 Rde8 30. e5 Qd7 31. Ne4 Qd5 32. Nd6 Rf8 33. Qe4 b4 34. axb4 axb4 35. Rc1 Qa2 36. Rxc6 Ba7 37. Rc2 Qb3 38. Rce2 Rd8 39. Qf5 Qd5 40. Re4 Nf8 41. h4 Ne6 42. h5 Bxd4 43. Rd1 Rxd6 44. Nxd4 Nxd4 45. Rxd4 Qxd4 46. Rxd4 Rxd4 47. Qc8+ Kh7 48. Qc2+ g6 49. hxg6+ fxg6 50. Qc5 Rdd7 51. Qxb4 Rxe5 0-1

[Event "December 12 Late 2023"]
[Site "https://www.chess.com"]
[Date "2023.12.12"]
[Round "10"]
[White "Bardyk, Artem"]
[Black "Avila Rodriguez, Joshua Ad"]
[Result "1-0"]
[Board "59"]
[TimeControl "180+1"]
[WhiteFideId "34349979"]
[BlackFideId "5126444"]
[WhiteElo "2690"]
[BlackElo "2426"]
[WhiteTeam "RUS"]
[BlackTeam "MEX"]
[WhiteClock "0:00:39"]
[BlackClock "0:00:05"]

1. e4 c5 2. c3 Nf6 3. e5 Nd5 4. Nf3 d6 5. Bc4 Nb6 6. e6 fxe6 7. Bb3 g6 8. h4 Bg7 9. h5 Nc6 10. hxg6 hxg6 11. Rxh8+ Bxh8 12. Bc2 Kd7 13. d4 cxd4 14. cxd4 Nd5 15. Nc3 Qg8 16. Nxd5 exd5 17. b4 a6 18. Rb1 b5 19. a4 Bf6 20. Qd3 Rb8 21. axb5 axb5 22. Ra1 Nxb4 23. Ra7+ Kd8 24. Qc3 Nxc2+ 25. Qxc2 Rb7 26. Ra8 Rc7 27. Qb2 Qe6+ 28. Kf1 Qd7 29. Bd2 Ke8 30. Qb1 Kf7 31. Ra3 Qf5 32. Qxb5 Rb7 33. Qe2 Rb1+ 34. Be1 Bd7 35. Kg1 Bb5 36. Qe3 Qe4 37. Qd2 Be2 38. Re3 Bxf3 39. Rxe4 Bxe4 40. Kh2 Bf5 41. f3 Rb3 42. Bf2 g5 43. Qa2 Rb5 44. Qa6 Bd7 45. Qa1 Be8 46. Qd1 Kg7 47. Be3 Rb4 48. Qd2 Kg6 49. Qxb4 1-0

[Event "December 12 Late 2023"]
[Site "https://www.chess.com"]
[Date "2023.12.12"]
[Round "10"]
[White "Zakarian, David"]
[Black "Mendes Aaron Reeve"]
[Result "0-1"]
[Board "60"]
[TimeControl "180+1"]
[WhiteFideId "13301276"]
[BlackFideId "25954938"]
[WhiteElo "2413"]
[BlackElo "2615"]
[WhiteTeam "ARM"]
[BlackTeam "CAN"]
[WhiteClock "0:00:00"]
[BlackClock "0:00:39"]

1. e4 c5 2. b3 Nf6 3. e5 Nd5 4. Bb2 Nc7 5. Nf3 Nc6 6. Bd3 Ne6 7. O-O g6 8. Re1 Bg7 9. Bb5 O-O 10. c3 a6 11. Bf1 d5 12. d4 b5 13. a4 Rb8 14. axb5 axb5 15. dxc5 Nxc5 16. h3 Bf5 17. Na3 Na5 18. b4 Na4 19. bxa5 Nxb2 20. Qb3 Nc4 21. a6 Qb6 22. Nd4 Bd7 23. Nac2 Bxe5 24. Bxc4 Bxd4 25. Nxd4 dxc4 26. Qb4 e6 27. Re5 Ra8 28. Qa5 Rfb8 29. Ree1 Ra7 30. Reb1 e5 31. Nf3 f6 32. Nd2 Be6 33. Ne4 Bd5 34. Nd2 Kf7 35. Rb2 Ke6 36. Qb4 Rxa6 37. Rxa6 Qxa6 38. Qc5 Qc6 39. Qb4 Rb7 40. f3 Qd6 41. Qa5 Qc5+ 42. Kh1 Ra7 43. Qd8 Ra1+ 0-1

[Event "December 12 Late 2023"]
[Site "https://www.chess.com"]
[Date "2023.12.12"]
[Round "10"]
[White "Marchesich, Giovanni"]
[Black "Estrada Nieto, Julian"]
[Result "1-0"]
[Board "62"]
[TimeControl "180+1"]
[WhiteFideId "2824790"]
[BlackFideId "5101018"]
[WhiteElo "2400"]
[BlackElo "2519"]
[WhiteTeam "ITA"]
[BlackTeam "ESP"]
[WhiteClock "0:01:23"]
[BlackClock "0:00:00"]

1. e4 e5 2. Nf3 Nc6 3. Bc4 Bc5 4. Qe2 Nf6 5. Ng5 d5 6. exd5 Nxd5 7. Nxf7 Kxf7 8. Qf3+ Ke6 9. Nc3 Ne7 10. O-O c6 11. Re1 Rf8 12. Qh3+ Kd6 13. Ne4+ Kc7 14. Qxh7 Nf6 15. Qxg7 Nxe4 16. Qxe5+ Qd6 17. Rxe4 Bxf2+ 18. Kh1 Qxe5 19. Rxe5 Nf5 20. b3 Bd4 21. Rxf5 Rxf5 22. c3 Bb6 23. d4 Be6 24. Bd3 Rf7 25. g3 Bd5+ 26. Kg1 c5 27. Bf4+ Kd7 28. c4 Be6 29. d5 Bxd5 30. Rd1 Ke8 31. Bg6 Be6 32. Re1 Ke7 33. Bg5+ Kd7 34. Rd1+ Ke8 35. Rd6 1-0

[Event "December 12 Late 2023"]
[Site "https://www.chess.com"]
[Date "2023.12.12"]
[Round "10"]
[White "Makaraci, Tunahan"]
[Black "Akhayan, Ruben"]
[Result "1/2-1/2"]
[Board "63"]
[TimeControl "180+1"]
[WhiteFideId "6356559"]
[BlackFideId "204439"]
[WhiteElo "2505"]
[BlackElo "2398"]
[WhiteTeam "TUR"]
[BlackTeam "BEL"]
[WhiteClock "0:00:34"]
[BlackClock "0:00:57"]

1. e4 e5 2. Nc3 Nf6 3. f4 exf4 4. e5 Ng8 5. Nf3 d5 6. d4 Ne7 7. Bxf4 Ng6 8. Bg3 Be7 9. Bd3 O-O 10. Ne2 c5 11. c3 cxd4 12. cxd4 Nc6 13. O-O Bg4 14. Qb3 Qb6 15. Qxb6 axb6 16. a3 Rac8 17. Rac1 Na5 18. Bxg6 hxg6 19. Nf4 Bxf3 20. gxf3 Bg5 21. Rxc8 Rxc8 22. Nxd5 Rd8 23. Nxb6 Be3+ 24. Bf2 Bxf2+ 25. Kxf2 Rxd4 26. Rc1 Nc6 27. Ke3 Rh4 28. Rxc6 bxc6 29. f4 Rxh2 30. Nc4 Rc2 31. Kd4 f6 32. a4 fxe5+ 33. fxe5 Rc1 34. a5 Rd1+ 35. Kc5 Rd8 36. Kxc6 g5 37. a6 g4 38. a7 g3 39. Ne3 Kf7 40. Kb7 Ke6 41. b4 Kxe5 42. b5 Ke4 43. Ng2 Kf3 44. Nh4+ Kg4 45. Ng2 Kf3 46. Nh4+ Kg4 47. Ng2 Kf3 1/2-1/2

[Event "December 12 Late 2023"]
[Site "https://www.chess.com"]
[Date "2023.12.12"]
[Round "10"]
[White "Haszon, David"]
[Black "Krzywda, Andrzej"]
[Result "0-1"]
[Board "64"]
[TimeControl "180+1"]
[WhiteFideId "733610"]
[BlackFideId "1114565"]
[WhiteElo "2389"]
[BlackElo "2497"]
[WhiteTeam "HUN"]
[BlackTeam "POL"]
[WhiteClock "0:01:34"]
[BlackClock "0:00:59"]

1. d4 d5 2. Bf4 Nf6 3. e3 c5 4. Nd2 cxd4 5. exd4 Nc6 6. Ngf3 Bf5 7. c3 a6 8. a4 e6 9. Nh4 Bg6 10. Nxg6 hxg6 11. Bd3 Bd6 12. Qf3 Qc7 13. Bxd6 Qxd6 14. h3 O-O 15. O-O e5 16. dxe5 Nxe5 17. Qg3 Rad8 18. Rad1 Nxd3 19. Qxd3 Qc6 20. Qd4 Ne4 21. Nxe4 dxe4 22. Qxd8 Rxd8 23. Rxd8+ Kh7 24. Rd4 f5 25. Re1 Qb6 26. b4 Qc6 27. Re3 Qxa4 28. f3 Qa1+ 29. Kh2 Qc1 30. Re2 Qxc3 31. Rd7 exf3 32. gxf3 Qxf3 33. Ree7 Qf2+ 34. Kh1 Kh6 35. Rxg7 Qf1+ 36. Kh2 Qe2+ 37. Kg3 Qe5+ 0-1

[Event "December 12 Late 2023"]
[Site "https://www.chess.com"]
[Date "2023.12.12"]
[Round "10"]
[White "Storn, Justin"]
[Black "ChessSG1"]
[Result "1-0"]
[Board "65"]
[TimeControl "180+1"]
[WhiteFideId "30922720"]
[WhiteElo "2371"]
[BlackElo "2471"]
[WhiteTeam "USA"]
[WhiteClock "0:00:28"]
[BlackClock "0:00:00"]

1. Nf3 d5 2. g3 c5 3. c4 d4 4. b4 cxb4 5. a3 bxa3 6. Bg2 Nc6 7. O-O e5 8. Qa4 Bd7 9. Bxa3 Nf6 10. d3 Bxa3 11. Qxa3 Qe7 12. Qxe7+ Kxe7 13. Nbd2 a5 14. Rfb1 Rhb8 15. Rb5 Ne8 16. Nxe5 Nxe5 17. Rxe5+ Kf8 18. Rexa5 Rxa5 19. Rxa5 b5 20. c5 b4 21. Bd5 Nc7 22. Bc4 Be6 23. Bxe6 Nxe6 24. Nb3 Rb7 25. f4 g6 26. Kf2 Ke7 27. e3 dxe3+ 28. Kxe3 Kd7 29. Ra6 Nc7 30. c6+ Kd8 31. cxb7 Nxa6 32. Nc5 Nb8 33. Kd4 Kc7 34. Kc4 Nc6 35. d4 b3 36. Kxb3 Nxd4+ 37. Kc4 Nc6 38. Kd5 Nb8 39. g4 Kb6 40. Kd6 1-0

[Event "December 12 Late 2023"]
[Site "https://www.chess.com"]
[Date "2023.12.12"]
[Round "10"]
[White "Bogaudinov, Rushan"]
[Black "Gerbelli Neto, Eduardo"]
[Result "0-1"]
[Board "66"]
[TimeControl "180+1"]
[WhiteFideId "4129288"]
[BlackFideId "2103281"]
[WhiteElo "2467"]
[BlackElo "2354"]
[WhiteTeam "RUS"]
[BlackTeam "BRA"]
[WhiteClock "0:00:10"]
[BlackClock "0:00:23"]

1. d4 d5 2. e3 Nf6 3. Nf3 Bf5 4. Be2 e6 5. O-O Be7 6. b3 c5 7. Bb2 O-O 8. c4 Nc6 9. Nc3 cxd4 10. Nxd4 Bg6 11. cxd5 exd5 12. Nxc6 bxc6 13. Rc1 Qd7 14. Na4 Ne4 15. f3 Nf6 16. Bd3 Rfe8 17. Bxg6 hxg6 18. Qd3 Qe6 19. Bd4 Nd7 20. Rc2 Ba3 21. Qa6 c5 22. Qxe6 Rxe6 23. Nxc5 Nxc5 24. Bxc5 Rc8 25. Bxa3 Rxc2 26. Rf2 Rec6 27. Rf1 Rxa2 28. Bb4 Rcc2 29. Bd6 Rxg2+ 30. Kh1 Rgf2 31. Rd1 Rfd2 32. Rc1 Rac2 33. Ra1 Ra2 34. Rc1 Rdb2 35. Bg3 Rxb3 36. Bf4 f6 37. h4 Rbb2 38. Rd1 Kf7 39. Rc1 Ke6 40. Kg1 g5 41. hxg5 fxg5 42. Bc7 Rc2 43. Rxc2 Rxc2 44. Ba5 Ra2 45. Bb4 a5 46. Bc5 a4 47. Bd4 g6 48. Kf1 Rc2 49. Ke1 a3 50. Kd1 Rg2 51. Kc1 a2 52. Bc3 Rg1+ 53. Kc2 a1=Q 54. Bxa1 Rxa1 55. Kd3 Rf1 56. Ke2 Ra1 57. Kd3 Ke5 58. Ke2 Ra3 59. Kf2 Kf5 60. Ke2 Ra2+ 61. Kd3 g4 62. fxg4+ Kxg4 63. Kd4 Rd2+ 64. Ke5 Kf3 65. Kf6 Kxe3 66. Kg5 Rf2 67. Kg4 d4 68. Kg3 d3 69. Kh3 d2 70. Kg3 d1=Q 71. Kh4 Qg1 72. Kh3 Rh2# 0-1

[Event "December 12 Late 2023"]
[Site "https://www.chess.com"]
[Date "2023.12.12"]
[Round "10"]
[White "Bonin, Jay"]
[Black "Ladan, Nicholas"]
[Result "0-1"]
[Board "67"]
[TimeControl "180+1"]
[WhiteFideId "2000644"]
[BlackFideId "30918855"]
[WhiteElo "2321"]
[BlackElo "2464"]
[WhiteTeam "USA"]
[BlackTeam "USA"]
[WhiteClock "0:00:03"]
[BlackClock "0:00:21"]

1. d4 d5 2. Nf3 Nf6 3. c4 e6 4. Nc3 Bb4 5. Qa4+ Nc6 6. Bg5 h6 7. Bxf6 Qxf6 8. e3 O-O 9. Rc1 Rd8 10. cxd5 exd5 11. Be2 Bf8 12. Qb3 Ne7 13. Ne5 c6 14. O-O Nf5 15. Na4 Bd6 16. f4 Bc7 17. Nc5 Nd6 18. g4 Qh4 19. Rf2 Bb6 20. Rg2 Bxc5 21. dxc5 Ne4 22. Bf3 Qe7 23. Rd1 Nxc5 24. Qa3 Re8 25. g5 hxg5 26. Rxg5 Ne6 27. Qxe7 Rxe7 28. Rg2 Nf8 29. Rd3 Bf5 30. Ra3 f6 31. Ng4 Bxg4 32. Rxg4 Nd7 33. Kf2 a6 34. b4 Nb6 35. Be2 Rae8 36. Rg3 d4 37. Bh5 dxe3+ 38. Ke2 Rd8 39. Rgxe3 Kf8 40. Rxe7 Kxe7 41. Rg3 Kf8 42. Rh3 Nd5 43. Bg6 Nxf4+ 0-1

[Event "December 12 Late 2023"]
[Site "https://www.chess.com"]
[Date "2023.12.12"]
[Round "10"]
[White "Bazzano, Sebastian"]
[Black "Arnold, Ken"]
[Result "0-1"]
[Board "68"]
[TimeControl "180+1"]
[WhiteFideId "104566"]
[BlackFideId "2056836"]
[WhiteElo "2314"]
[BlackElo "2453"]
[WhiteTeam "ARG"]
[BlackTeam "USA"]
[WhiteClock "0:00:11"]
[BlackClock "0:00:55"]

1. d4 Nf6 2. Bf4 e6 3. e3 d5 4. Nd2 Bd6 5. Bg3 h5 6. Bh4 c5 7. c3 Qb6 8. Bxf6 gxf6 9. Qb3 c4 10. Qc2 f5 11. Ngf3 Nd7 12. b3 cxb3 13. axb3 Nf6 14. Bd3 Bd7 15. O-O Rc8 16. c4 Bb8 17. c5 Qc7 18. Ne5 Ng4 19. Nxg4 hxg4 20. g3 Ke7 21. Rfb1 Rh6 22. Bf1 Rch8 23. Bg2 Bb5 24. h4 Rxh4 25. Nf1 R4h5 26. c6 bxc6 27. Qc5+ Qd6 28. Qxd6+ Kxd6 29. Nd2 Kc7 30. b4 Kb6 31. Nb3 Bd6 32. Nc5 Bxc5 33. bxc5+ Kb7 34. Bf1 Rh1+ 0-1

[Event "December 12 Late 2023"]
[Site "https://www.chess.com"]
[Date "2023.12.12"]
[Round "10"]
[White "Cooper, Aaron"]
[Black "Serra Canals, Oriol"]
[Result "0-1"]
[Board "69"]
[TimeControl "180+1"]
[WhiteFideId "2634945"]
[BlackFideId "22276084"]
[WhiteElo "2268"]
[BlackElo "2451"]
[WhiteTeam "CAN"]
[BlackTeam "ESP"]
[WhiteClock "0:00:00"]
[BlackClock "0:00:59"]

1. d4 e6 2. Bf4 d5 3. e3 Bd6 4. Nf3 Ne7 5. Bd3 Ng6 6. Bg3 b6 7. Nbd2 Bb7 8. c3 O-O 9. Qc2 c5 10. Ne5 Nc6 11. Ndf3 c4 12. Bxg6 hxg6 13. h4 Bxe5 14. Bxe5 f6 15. Bg3 Qe8 16. O-O-O b5 17. Bd6 Ne7 18. Bxe7 Qxe7 19. Qxg6 b4 20. h5 bxc3 21. h6 cxb2+ 22. Kb1 c3 23. Nh4 f5 24. h7+ Kh8 25. Qh5 Rf6 26. Ng6+ Rxg6 27. Qxg6 Rc8 28. g4 c2+ 29. Kxb2 Qb4+ 30. Kc1 cxd1=Q+ 31. Kxd1 Qb1+ 32. Ke2 Ba6+ 33. Kf3 Qxh1+ 34. Kf4 Qe4+ 35. Kg3 Qxg4+ 0-1

[Event "December 12 Late 2023"]
[Site "https://www.chess.com"]
[Date "2023.12.12"]
[Round "10"]
[White "Flash_BJ"]
[Black "Weisz, Bryan"]
[Result "1-0"]
[Board "70"]
[TimeControl "180+1"]
[BlackFideId "30934133"]
[WhiteElo "2236"]
[BlackElo "2444"]
[BlackTeam "USA"]
[WhiteClock "0:01:41"]
[BlackClock "0:01:58"]

1. g3 Nf6 2. Bg2 d5 3. c4 dxc4 4. Qa4+ c6 5. Qxc4 b5 6. Qc2 Na6 7. Qxc6+ Nd7 8. Qxa8 Nb4 9. Na3 g6 10. Qxa7 Bg7 11. Nf3 O-O 12. O-O Nf6 13. Qd4 Qa5 14. Qc5 Ne4 15. Qxb5 Qxb5 16. Nxb5 Nc2 17. Rb1 Be6 18. b3 Ra8 19. a4 Nb4 20. d3 Nc5 21. Nfd4 Rd8 22. Nxe6 Nxe6 23. Ba3 Nc2 24. Bxe7 Re8 25. Bd6 Na3 26. Bxa3 1-0

[Event "December 12 Late 2023"]
[Site "https://www.chess.com"]
[Date "2023.12.12"]
[Round "10"]
[White "Clarke, Matthew"]
[Black "Bold, Andre"]
[Result "0-1"]
[Board "71"]
[TimeControl "180+1"]
[WhiteFideId "3227804"]
[BlackFideId "16208471"]
[WhiteElo "2231"]
[BlackElo "2444"]
[WhiteTeam "AUS"]
[BlackTeam "GER"]
[WhiteClock "0:00:00"]
[BlackClock "0:00:44"]

1. d4 d5 2. c4 c6 3. cxd5 cxd5 4. Bf4 Nc6 5. e3 Nf6 6. Bd3 Qb6 7. Nc3 a6 8. Nge2 Bg4 9. f3 Bh5 10. O-O e6 11. Na4 Qa5 12. Rc1 Bg6 13. Bxg6 hxg6 14. a3 Nh5 15. b4 Qd8 16. Qd3 Nxf4 17. Nxf4 Qh4 18. Nh3 Bd6 19. b5 axb5 20. Qxb5 O-O 21. Qxb7 Na5 22. Qb2 Nc4 23. Qb5 Rfb8 24. Qc6 Bxa3 25. Ra1 Bf8 26. Nc5 Rxa1 27. Rxa1 Nxe3 28. f4 Rb2 0-1

[Event "December 12 Late 2023"]
[Site "https://www.chess.com"]
[Date "2023.12.12"]
[Round "10"]
[White "Nadera, Barlo A."]
[Black "Urbina Perez, Juan Antonio"]
[Result "1-0"]
[Board "72"]
[TimeControl "180+1"]
[WhiteFideId "5200598"]
[BlackFideId "2217368"]
[WhiteElo "2220"]
[BlackElo "2438"]
[WhiteTeam "PHI"]
[BlackTeam "ESP"]
[WhiteClock "0:01:21"]
[BlackClock "0:00:07"]

1. d4 Nf6 2. c4 d6 3. Nc3 e5 4. Nf3 e4 5. Ng5 Qe7 6. g3 h6 7. Nh3 Bf5 8. Bg2 c6 9. O-O Qd7 10. Nf4 g5 11. f3 exf3 12. Bxf3 gxf4 13. Bxf4 Na6 14. Qd2 O-O-O 15. e4 Bh3 16. Rfe1 Bg7 17. a3 Ng4 18. b4 Nc7 19. Rad1 f5 20. b5 cxb5 21. cxb5 fxe4 22. Bxe4 Nxb5 23. Nxb5 Qxb5 24. Rb1 Qa4 25. Rec1+ Kd7 26. Rxb7+ Ke6 27. Rxg7 d5 28. Bf3 Rhg8 29. Qe2+ Kf5 30. Qd3+ Kf6 31. Qg6# 1-0

[Event "December 12 Late 2023"]
[Site "https://www.chess.com"]
[Date "2023.12.12"]
[Round "10"]
[White "Balla, Tamas-Kristof"]
[Black "Osmonbekov, Talaibek"]
[Result "1-0"]
[Board "74"]
[TimeControl "180+1"]
[WhiteFideId "1208497"]
[BlackFideId "2017253"]
[WhiteElo "2379"]
[BlackElo "2283"]
[WhiteTeam "ROU"]
[BlackTeam "USA"]
[WhiteClock "0:00:22"]
[BlackClock "0:00:15"]

1. e4 c5 2. Nf3 d6 3. d4 cxd4 4. Nxd4 Nf6 5. Nc3 g6 6. f3 Nc6 7. Be3 Bg7 8. Qd2 O-O 9. O-O-O d5 10. Nxc6 bxc6 11. exd5 Nxd5 12. Nxd5 cxd5 13. Qxd5 Qc7 14. Qxa8 Bf5 15. Qxf8+ Kxf8 16. Bd3 Be6 17. a3 Qe5 18. Kd2 Qxb2 19. Rb1 Qc3+ 20. Ke2 Be5 21. Bh6+ Ke8 22. Rhd1 f6 23. Kf1 Qxa3 24. Bb5+ Kf7 25. Rd8 g5 26. Be8+ 1-0

[Event "December 12 Late 2023"]
[Site "https://www.chess.com"]
[Date "2023.12.12"]
[Round "10"]
[White "Ruiz Aguilar, Pablo Alexander"]
[Black "Zampronha, Wladimir Camilo"]
[Result "1-0"]
[Board "75"]
[TimeControl "180+1"]
[WhiteFideId "4401352"]
[BlackFideId "2103087"]
[WhiteElo "2280"]
[BlackElo "2351"]
[WhiteTeam "COL"]
[BlackTeam "BRA"]
[WhiteClock "0:00:44"]
[BlackClock "0:00:55"]

1. e4 c5 2. Nf3 e6 3. d4 cxd4 4. Nxd4 Nc6 5. Nc3 Qc7 6. Ndb5 Qb8 7. Be3 a6 8. Bb6 axb5 9. Nxb5 Bb4+ 10. c3 Ba5 11. Nc7+ Qxc7 12. Bxc7 Bxc7 13. Bb5 Nf6 14. Qe2 O-O 15. O-O d5 16. f3 Bd7 17. a4 Ne5 18. f4 Nc6 19. e5 Ne4 20. Rad1 f5 21. Kh1 Kh8 22. Rd3 g6 23. Rh3 Rg8 24. b4 Rg7 25. a5 Nb8 26. Bd3 Nc6 27. Bxe4 fxe4 28. Qe3 Rf8 29. Rc1 Rgf7 30. g3 Ne7 31. Qc5 Bb8 32. b5 Rc8 33. Qb4 Nf5 34. a6 b6 35. Ra1 Ba7 36. g4 Ne3 37. Rxe3 Rxf4 38. h3 Rf7 39. Ra2 Rcf8 40. Kg2 Ra8 41. Rf2 Rg7 42. Qd6 Bb8 43. Rf8+ Rg8 44. Rxg8+ Kxg8 45. Qxd7 Bxe5 46. Qxe6+ 1-0

[Event "December 12 Late 2023"]
[Site "https://www.chess.com"]
[Date "2023.12.12"]
[Round "10"]
[White "Munoz Sanchez, Miguel"]
[Black "De Souza, Cristiano Gomes"]
[Result "1-0"]
[Board "76"]
[TimeControl "180+1"]
[WhiteFideId "3600734"]
[BlackFideId "2151758"]
[WhiteElo "2334"]
[BlackElo "2248"]
[WhiteTeam "ECU"]
[BlackTeam "BRA"]
[WhiteClock "0:00:18"]
[BlackClock "0:00:00"]

1. d4 Nf6 2. Nf3 g6 3. g3 Bg7 4. Bg2 O-O 5. O-O d6 6. c4 Nc6 7. Nc3 Bf5 8. Re1 Ne4 9. Nh4 Nxc3 10. bxc3 Bd7 11. e4 e5 12. Be3 b6 13. c5 exd4 14. cxd4 bxc5 15. dxc5 Bxa1 16. Qxa1 f6 17. cxd6 cxd6 18. Rd1 Qe7 19. Bf4 Ne5 20. Nf3 Bc6 21. Nd4 Bb7 22. Qb2 Rac8 23. Qb3+ Kh8 24. Nb5 Rfd8 25. Nxa7 Rb8 26. Nb5 Bc6 27. a4 Bxb5 28. axb5 Qe8 29. b6 Kg7 30. Ra1 Rb7 31. Be3 Ra8 32. Rd1 Qa4 33. Qd5 Rab8 34. Rc1 Nf7 35. h4 Qd7 36. Kh2 Rxb6 37. Bxb6 Rxb6 38. Bh3 Qe7 39. Rc8 Rb7 40. Be6 Rc7 41. Ra8 Nh6 42. Ra6 Rc5 43. Qxd6 Qxd6 44. Rxd6 Re5 45. Bd5 Ng4+ 46. Kg2 f5 47. Rd7+ Kh6 48. exf5 Rxf5 49. Be6 Nf6 50. Bxf5 Nxd7 51. Bxd7 Kg7 52. f4 1-0

[Event "December 12 Late 2023"]
[Site "https://www.chess.com"]
[Date "2023.12.12"]
[Round "10"]
[White "youngdinousaur"]
[Black "Rose, Felix"]
[Result "1-0"]
[Board "77"]
[TimeControl "180+1"]
[BlackFideId "5105722"]
[WhiteElo "2258"]
[BlackElo "2327"]
[BlackTeam "MEX"]
[WhiteClock "0:01:11"]
[BlackClock "0:00:57"]

1. d4 Nf6 2. Nf3 d5 3. Bf4 e6 4. e3 Bd6 5. c3 O-O 6. Bg3 c5 7. Bd3 b6 8. Qe2 a5 9. Nbd2 Ba6 10. Ne5 Bxd3 11. Qxd3 Qc7 12. f4 Nc6 13. Bh4 Be7 14. g4 Nxg4 15. Bxe7 Ngxe5 16. fxe5 Nxe7 17. O-O-O cxd4 18. exd4 Rfb8 19. Rhg1 b5 20. Qg3 Nf5 21. Qg5 b4 22. c4 dxc4 23. Rdf1 g6 24. Ne4 c3 25. Nf6+ Kg7 26. Nh5+ Kf8 27. Rxf5 cxb2+ 28. Kb1 exf5 29. Qh6+ Ke8 30. Nf6+ Kd8 31. Qf8# 1-0

[Event "December 12 Late 2023"]
[Site "https://www.chess.com"]
[Date "2023.12.12"]
[Round "10"]
[White "Shapiro, Daniel"]
[Black "Wang, Alexander J"]
[Result "1-0"]
[Board "78"]
[TimeControl "180+1"]
[WhiteFideId "2001780"]
[BlackFideId "30955270"]
[WhiteElo "2310"]
[BlackElo "2229"]
[WhiteTeam "USA"]
[BlackTeam "USA"]
[WhiteClock "0:00:01"]
[BlackClock "0:00:00"]

1. d4 d5 2. c4 e6 3. Nf3 c5 4. cxd5 exd5 5. g3 Nc6 6. Bg2 Nf6 7. O-O Be7 8. Nc3 O-O 9. dxc5 Bxc5 10. Bg5 d4 11. Bxf6 Qxf6 12. Nd5 Qd8 13. Nd2 Be6 14. Nf4 Qe7 15. a3 Rfd8 16. Rc1 Bb6 17. Bxc6 bxc6 18. Nxe6 Qxe6 19. Nc4 c5 20. a4 Rab8 21. Qd3 Bc7 22. Rc2 Be5 23. Rfc1 Bf6 24. Na5 Be7 25. Qf3 Rdc8 26. Nb7 c4 27. Na5 c3 28. bxc3 Qa6 29. Qe4 Qxa5 30. Qxe7 dxc3 31. f3 h6 32. Qd7 Qc5+ 33. Kg2 Rb2 34. Qd3 1-0

[Event "December 12 Late 2023"]
[Site "https://www.chess.com"]
[Date "2023.12.12"]
[Round "10"]
[White "Kornyukov, Alexey"]
[Black "Floresvillar Gonzalez, Luis Migu"]
[Result "0-1"]
[Board "79"]
[TimeControl "180+1"]
[WhiteFideId "4150457"]
[BlackFideId "5100542"]
[WhiteElo "2307"]
[BlackElo "2223"]
[WhiteTeam "RUS"]
[BlackTeam "MEX"]
[WhiteClock "0:00:00"]
[BlackClock "0:00:37"]

1. d4 c6 2. c4 d5 3. Nf3 Nf6 4. e3 Bg4 5. Qb3 Qb6 6. Nc3 Bxf3 7. gxf3 dxc4 8. Bxc4 Qxb3 9. Bxb3 e6 10. Rg1 g6 11. e4 Bg7 12. Be3 Nbd7 13. O-O-O a5 14. Kb1 O-O-O 15. d5 exd5 16. exd5 Nxd5 17. Nxd5 cxd5 18. Bxd5 Nf6 19. Bxf7 Rxd1+ 20. Rxd1 Rf8 21. Be6+ Kb8 22. Bb6 a4 23. a3 Nh5 24. Rd7 Be5 25. Bd5 Nf4 26. Rxb7+ Kc8 27. Rf7 Rxf7 28. Bxf7 Nd3 29. Be8 Bxh2 30. Bxa4 h5 31. Be8 Nf4 32. Be3 h4 33. Bxf4 Bxf4 34. Bxg6 Kc7 35. Bf5 Kd6 36. Kc2 Kc5 37. Kd3 Kb5 38. Bd7+ Kc5 39. b4+ Kd6 40. Bg4 Kc6 41. Kc4 Bd2 42. a4 Be1 43. f4 Bxf2 44. f5 Bg3 45. f6 Bd6 46. a5 Bf8 47. b5+ Kb7 48. Bf3+ Ka7 0-1

[Event "December 12 Late 2023"]
[Site "https://www.chess.com"]
[Date "2023.12.12"]
[Round "10"]
[White "Sarkar, Justin"]
[Black "Ghosh, Chanchal Kumer"]
[Result "1/2-1/2"]
[Board "80"]
[TimeControl "180+1"]
[WhiteFideId "2010011"]
[BlackFideId "10201858"]
[WhiteElo "2295"]
[BlackElo "2113"]
[WhiteTeam "USA"]
[BlackTeam "BAN"]
[WhiteClock "0:00:02"]
[BlackClock "0:00:10"]

1. d4 d5 2. c4 e6 3. Nc3 Nf6 4. Bg5 Be7 5. e3 O-O 6. Nf3 a6 7. cxd5 exd5 8. Rc1 c6 9. Qc2 Bg4 10. Ne5 Be6 11. Bd3 h6 12. Bxf6 Bxf6 13. f4 Bxe5 14. fxe5 Qh4+ 15. Qf2 Qxf2+ 16. Kxf2 Nd7 17. Rhf1 f6 18. exf6 Nxf6 19. Kg1 Ng4 20. Rxf8+ Rxf8 21. Re1 Rf2 22. h3 Rd2 23. Rd1 Rxd1+ 24. Nxd1 Nf6 25. Nc3 Kf7 26. Na4 Ke7 27. Nc5 Bc8 28. Kf2 Kd6 29. b4 Nd7 30. Kf3 Nxc5 31. bxc5+ Kc7 32. Kf4 b6 33. cxb6+ Kxb6 34. Ke5 a5 35. Kd6 Bb7 36. h4 Bc8 37. g3 Bg4 38. a3 g5 39. hxg5 hxg5 40. Ke5 Bf3 41. Kf5 g4 42. e4 dxe4 43. Bxe4 Be2 44. Kf4 c5 45. Ke3 Bd1 46. dxc5+ Kxc5 47. Bf5 Kc4 48. Kd2 Bf3 49. Kc1 Kb3 50. Kb1 Kxa3 51. Ka1 Kb4 52. Be6 a4 53. Bf5 a3 54. Be6 Kc3 55. Bf5 Kb4 56. Be6 Be2 57. Bf5 Bd1 58. Be6 Kc3 59. Bf5 Kd4 60. Be6 Ke3 61. Bxg4 Bxg4 62. Ka2 Kf3 63. Kxa3 Kxg3 1/2-1/2

[Event "December 12 Late 2023"]
[Site "https://www.chess.com"]
[Date "2023.12.12"]
[Round "10"]
[White "Rios Escobar, Adan"]
[Black "Tarnowska, Aleksandra"]
[Result "1-0"]
[Board "81"]
[TimeControl "180+1"]
[WhiteFideId "3403645"]
[BlackFideId "1180967"]
[WhiteElo "2365"]
[BlackElo "2199"]
[WhiteTeam "CHI"]
[BlackTeam "POL"]
[WhiteClock "0:00:14"]
[BlackClock "0:00:00"]

1. Nf3 d5 2. e3 Nf6 3. c4 c6 4. Nc3 Bg4 5. Qb3 Qb6 6. cxd5 Qxb3 7. axb3 Bxf3 8. gxf3 Nxd5 9. Nxd5 cxd5 10. Bb5+ Nc6 11. Ra6 Kd7 12. Bxc6+ bxc6 13. d4 Kc7 14. e4 e6 15. Bf4+ Kb7 16. Ra4 Be7 17. Ke2 Rhc8 18. b4 g5 19. Be3 f5 20. h4 f4 21. Bd2 h6 22. hxg5 Bxg5 23. Ra5 Kb6 24. Rha1 a6 25. Bc3 Rc7 26. R5a3 Rca7 27. Rg1 Re7 28. Rg4 Rf7 29. Bd2 Kb5 30. Ra5+ Kb6 31. Rc5 Rb8 32. b3 Rc8 33. Kd3 Ra8 34. Rg1 Rc7 35. Ra5 Rca7 36. Rg4 Rc8 37. Bxf4 Bxf4 38. Rxf4 Rg8 39. Rf6 Rg2 40. Ke3 dxe4 41. Rxh6 exf3 42. Rxe6 Rg1 43. Kxf3 Rf7+ 44. Ke2 Rb1 45. Rc5 Rb2+ 46. Kd3 Rfxf2 47. Rexc6+ Kb7 48. Rc7+ Kb8 49. Rc8+ Kb7 50. R8c7+ Kb8 51. Rh7 Rfd2+ 52. Kc4 Rbc2+ 53. Kd5 Rb2 54. b5 Rxb3 55. bxa6 Rb4 56. a7+ Ka8 57. Rc8+ 1-0

[Event "December 12 Late 2023"]
[Site "https://www.chess.com"]
[Date "2023.12.12"]
[Round "10"]
[White "Kappeler, Kaspar"]
[Black "De Lima, Valdenicio Marcelino"]
[Result "1-0"]
[Board "82"]
[TimeControl "180+1"]
[WhiteFideId "1309072"]
[BlackFideId "2132044"]
[WhiteElo "2302"]
[BlackElo "2240"]
[WhiteTeam "SUI"]
[BlackTeam "BRA"]
[WhiteClock "0:00:55"]
[BlackClock "0:00:50"]

1. c4 e5 2. Nc3 Nc6 3. Nf3 Bb4 4. Nd5 a5 5. g3 Nf6 6. Bg2 O-O 7. O-O Re8 8. e3 h6 9. d4 e4 10. Nd2 Bxd2 11. Bxd2 Nxd5 12. cxd5 Nb4 13. Bxb4 axb4 14. Qc2 f5 15. Rfc1 c6 16. Qc4 Qa5 17. dxc6+ d5 18. Qc5 bxc6 19. Qxc6 Be6 20. Rc5 Rac8 21. Qxe8+ 1-0